Match 46190370
Unlisted

Match 46190370
End
Kradschützen Motorcycle Team
Panzergrenadier Squad
250 Light Carrier
Construct Light Support Kompanie
Combat Half-tracks
MG34 Team
Construct Mechanized Kompanie
Vehicle Survival Package
Selects Armored Support Battlegroup
Selects Salvage Kits
Selects Veteran Gunners
Support Armor Elements
Assault Mechanized Group
auv
Crashing this Game
ZELOT
smallNhii
0
0

Comments sign in to comment!

No comments posted yet!